 Dungeon Sprint DCSS version 0.30-a0-937-ga0a21ad780 (webtiles) character file.

Game seed: 15675971471766758823

19 BigDaddyOpFi the Magician (level 2, -1/15 HPs)
             Began as a Deep Elf Earth Elementalist on Mar 24, 2023.
             Was an Initiate of Vehumet.
             Slain by a black bear (3 damage)
             ... in the Dungeon (Sprint V: "Ziggurat Sprint").
             The game lasted 00:00:56 (287 turns).

BigDaddyOpFi the Magician (DEEE)                     Turns: 287, Time: 00:00:56

Health: -1/15      AC:  2    Str:  5    XL:     2   Next: 55%
Magic:  9/11       EV: 12    Int: 31    God:    Vehumet [......]
Gold:   0          SH:  0    Dex: 15    Spells: 12/13 levels left

rFire   . . .      SeeInvis .    B - +11 Screaming Sword {sonic wave}
rCold   . . .      Faith    .    A - orb {guile}
rNeg    . . .      Spirit   .    a - +0 robe
rPois   .          Reflect  .    (no helmet)
rElec   .          Rampage  .    (no cloak)
rCorr   .          NoTele   +    (no gloves)
Will    .....                    (no boots)
Stlth   ++                       (no amulet)
HPRegen 0.22/turn                t - +6 ring of intelligence
MPRegen 0.12/turn                u - +6 ring of intelligence

@: no status effects
A: no striking features
a: Renounce Religion


You were in the Dungeon.
You worshipped Vehumet.
Vehumet was noncommittal.
You visited 1 branch

Inventory:

Hand Weapons
 B - the +11 Screaming Sword (weapon) {sonic wave}
   (You found it in the Dungeon)
Armour
 a - a +0 robe (worn)
 A - an orb of guile (worn)
Jewellery
 q - a ring of flight
 r - a +6 ring of dexterity
 s - a +6 ring of dexterity
 t - a +6 ring of intelligence (left hand)
 u - a +6 ring of intelligence (right hand)
 v - a +6 ring of strength
 w - a +6 ring of strength
Wands
 x - a wand of mindburst (7)
 y - a wand of acid (7)
Scrolls
 g - 4 scrolls of blinking
 m - 4 scrolls of amnesia
 n - 7 scrolls of fog
 o - 5 scrolls of identify
 p - 2 scrolls of fear
Potions
 b - 8 potions of magic
 c - 9 potions of curing
 d - 9 potions of heal wounds
 e - 6 potions of haste
 f - 3 potions of berserk rage
 h - 2 potions of brilliance
 i - 2 potions of invisibility
 j - 4 potions of resistance
 l - 5 potions of might
Miscellaneous
 z - a lightning rod (4/4)


   Skills:
 + Level 0.5 Long Blades
 + Level 2.6 Dodging
 + Level 2.8 Stealth
 + Level 6.4 Spellcasting
 + Level 4.8 Transmutations
 + Level 5.8 Earth Magic


You had 12 spell levels left.
You knew the following spells:

 Your Spells              Type           Power      Damage    Failure   Level
a - Sandblast             Erth           92%        2d19      1%          1

Your spell library contained the following spells:

 Spells                   Type           Power      Damage    Failure   Level
 Sting                    Tmut/Pois      100%       1d8       1%          1
 Passwall                 Tmut/Erth      35%        N/A       1%          2
 Stone Arrow              Conj/Erth      56%        3d10      4%          3
 Petrify                  Tmut/Erth      43%        N/A       5%          4
 Poisonous Vapours        Pois/Air       20%        N/A       7%          2
 Call Canine Familiar     Summ           10%        N/A       14%         3
 Summon Guardian Golem    Hex/Summ       10%        N/A       14%         3


Dungeon Overview and Level Annotations

Branches:
Dungeon (1/1)

Altars:
Ashenzari
Cheibriados
Dithmenos
Elyvilon
Fedhas
Gozag
Hepliaklqana
Kikubaaqudgha
Makhleb
Nemelex Xobeh
Okawaru
Qazlal
Ru
Sif Muna
Trog
Uskayaw
Vehumet
Wu Jian
Xom
Yredelemnul
Zin
The Shining One
Jiyva
Lugonu

Annotations:
D 1 transporter


Message History

Magic restored.
You start resting.
HP restored.
You start waiting.
You pick up the Folio of Viperous Adjuration and begin reading...
You add the spells Sting, Poisonous Vapours, Summon Guardian Golem and Call Canine Familiar to your library.
There is a transporter here.
Okay, then.
Welcome to arena 2.
You enter the transporter and appear at another place.
A spriggan, a black bear and a wolf come into view.
The spriggan is wielding a +0 short sword and wearing a +1 robe of willpower.
Found three items.
Found a transporter.
Aiming: Sandblast (safe; 1% risk of failure)
Press: ? - help, Q - select action, (/) - cycle Shift-Dir - straight line, f - you
Okay, then.
The spriggan shouts!
The wolf howls!
Aiming: Sandblast (safe; 1% risk of failure)
Press: ? - help, Q - select action, (/) - cycle Shift-Dir - straight line, f - spriggan
Aim: a spriggan, wielding a +0 short sword, wearing a +1 robe of willpower and wearing a +0 buckler (69% to hit)
The blast of sand misses the spriggan.
Unknown command.
Unknown command.
Aiming: Sandblast (safe; 1% risk of failure)
Press: ? - help, Q - select action, (/) - cycle Shift-Dir - straight line, f - wolf, p - spriggan
Aim: a wolf (75% to hit)
The blast of sand hits the wolf!
The wolf is heavily wounded.
The wolf completely misses you. The wolf bites you but does no damage.
The spriggan hits you with a +0 short sword!
The wolf barely misses you. The spriggan barely misses you.
Unknown command.
You feel better. The wolf closely misses you.
The spriggan hits you with a +0 short sword.
The wolf completely misses you.
You feel much better. The wolf bites you!
Ouch! That really hurt!
The black bear closely misses you. The black bear claws you.
* * * LOW HITPOINT WARNING * * *
The black bear claws you.
You die...

▓▓▓▓▓▓▓▓▓▓▓▓▓
▓.8©8.▓.8©8.▓
▓.}|".▓.....▓
▓.....▓.}...▓
▓.....▓.....▓
▓.....▓.....▓
▓.ihh.▓..©..▓
▓..@..▓▓▓▓▓▓▓
▓▓▓▓▓▓▓


You could see a black bear, a spriggan and a wolf.

Vanquished Creatures
  2 ufetubi (D)
2 creatures vanquished.

Notes
Turn   | Place    | Note
-------+----------+-------------------------------------------
     0 | D        | BigDaddyOpFi the Deep Elf Earth Elementalist began the
                  | quest for the Orb.
     0 | D        | Reached XP level 1. HP: 10/10 MP: 6/6
     0 | D        | Found a shimmering blue altar of Sif Muna.
     0 | D        | Found a bloodstained altar of Trog.
     0 | D        | Found a sacrificial altar of Ru.
     0 | D        | Found a stormy altar of Qazlal.
     0 | D        | Found an iron altar of Okawaru.
     1 | D        | Found a sparkling altar of Nemelex Xobeh.
     1 | D        | Found a blossoming altar of Fedhas.
     1 | D        | Found the +6 Majin-Bo {spellvamp, MP+6 Int+6}
     1 | D        | Found the +27 heavy crossbow "Sniper" {heavy, Acc+∞ SInv}
     1 | D        | Found the +10 dark maul {heavy}
     1 | D        | Found the +15 Maxwell's patent armour {-Cast -Tele rElec
                  | Will+ rCorr}
     1 | D        | Found the +18 shield of the Gong {Loud rN+ Will+ rCorr
                  | EV-5}
     1 | D        | Found the +16 obsidian axe {drain, demonic, Mesm Drain Fly
                  | SInv}
     1 | D        | Found the +7 great mace "Firestarter" {flame, inner flame,
                  | rFlCloud rF++}
     1 | D        | Found the +6 shillelagh "Devastator" {shatter}
     1 | D        | Found the +11 plutonium sword {Contam Stlth-}
     1 | D        | Found the +8 lance "Wyrmbane" {slay drac, rPois rF+ rC+
                  | AC+3}
     1 | D        | Found the +9 sword of Zonguldrok {reap}
     1 | D        | Found the +13 scythe of Curses {drain, curses, Drain}
     1 | D        | Found the +9 sword of Power {lifebolt}
     1 | D        | Found the +7 mace of Variability {chaos, chain chaos}
     1 | D        | Found the +11 Singing Sword {sonic wave}
     1 | D        | Found the +8 storm bow {elec, penet}
     3 | D        | Found a transporter.
     3 | D        | Found an ancient bone altar of Kikubaaqudgha.
     3 | D        | Found a viscous altar of Jiyva.
     3 | D        | Found a corrupted altar of Lugonu.
     3 | D        | Found a hazy altar of Hepliaklqana.
     3 | D        | Found a burning altar of Makhleb.
     3 | D        | Found an opulent altar of Gozag.
    44 | D        | Reached skill level 6 in Spellcasting
    44 | D        | Reached skill level 5 in Earth Magic
    44 | D        | Reached XP level 2. HP: 15/15 MP: 7/11
    56 | D        | Became a worshipper of Vehumet
   178 | D        | Entered arena 2.
   178 | D        | Found a transporter.
   278 | D        | Got the Folio of Viperous Adjuration
   282 | D        | Entered arena 3.
   282 | D        | Noticed a spriggan
   282 | D        | Noticed a black bear
   282 | D        | Noticed a wolf
   282 | D        | Found a transporter.
   287 | D        | Slain by a black bear

Illustrated notes

Levels and vault maps discovered:
D:        sprint_v [room_start, room_1, room_2, room_3, room_4, room_5, room_6,
          room_7, room_8, room_9, room_10, room_11, room_12, room_13, room_14,
          room_15, room_16, room_17, room_18, room_19, room_20, room_21,
          room_22, room_23, room_24, room_25, room_26, room_27]

Skill      XL: |  1 |
---------------+----+-----
Spellcasting   | 6 |  6.4
Transmutations | 4 |  4.8
Earth Magic    | 5 |  5.8
Long Blades    | |  0.5
Dodging        | |  2.6
Stealth        | |  2.8

Action                     || total
---------------------------++-------
   Cast: Sandblast         ||     4
    Use: Potion            ||     3
 Armour: Robe              ||     1
  Dodge: Dodged            ||     6

Table legend: (Time is in decaauts)
 A = Elapsed time spent in this place.
 B = Non-inter-level travel time spent in this place.
 C = Inter-level travel time spent in this place.
 D = Time resting spent in this place.
 E = Time spent auto-exploring this place.
 F = Levels seen in this place.
 G = Mean time per level.
                   A        B        C        D        E       F      G
               +--------+--------+--------+--------+--------+-----+--------+
         Total |    287 |    287 |      0 |    201 |      0 |   1 |  287.0 |
       Dungeon |    287 |    287 |      0 |    201 |      0 |   1 |  287.0 |
               +--------+--------+--------+--------+--------+-----+--------+

Top non-repeatable levels by time:
       D: 287 daAuts
